 Dungeon Crawl Stone Soup version 0.24.0-37-gcf1ca852f1 (webtiles) character file.

Game seed: 13918958989861122822, levelgen mode: deterministic

41 Belius the Skirmisher (level 3, 0/30 HPs)
             Began as a Formicid Abyssal Knight on Dec 6, 2019.
             Was a Follower of Lugonu.
             Succumbed to an adder's poison
             ... on level 2 of the Dungeon.
             The game lasted 00:02:01 (1178 turns).

Belius the Skirmisher (Formicid Abyssal Knight)     Turns: 1178, Time: 00:02:02

Health: 0/30       AC:  3    Str: 14 (17) XL:     3   Next: 75%
Magic:  4/4        EV: 11    Int:  8 (11) God:    Lugonu [*.....]
Gold:   39         SH:  0    Dex:  9 (10) Spells: 2/2 levels left

rFire    + . .     SeeInvis +   a - +1 falchion
rCold    + . .     Gourm    .   (no shield)
rNeg     . . .     Faith    .   b - +0 leather armour
rPois    +         Spirit   .   (helmet unavailable)
rElec    +         Reflect  .   (no cloak)
rCorr    +         Harm     +   (no gloves)
MR       .....                  (no boots)
Stlth    ++........             j - amulet of harm
HPRegen  0.10/turn              d - ring of teleportation (curse)
MPRegen  0.09/turn              e - ring of stealth

@: lethally poisoned (0 -> -1), resistant
A: permanent stasis, dig shafts and tunnels, four strong arms, antennae 3
a: Dig, Shaft Self, Depart the Abyss, Renounce Religion


You were on level 2 of the Dungeon.
You worshipped Lugonu.
Lugonu was aware of your devotion.
You were hungry.

You visited 1 branch of the dungeon, and saw 2 of its levels.
You visited the Abyss 1 time.

You collected 39 gold pieces.

Inventory:

Hand Weapons
 a - a +1 falchion (weapon)
Armour
 b - a +0 leather armour (worn)
Jewellery
 d - a cursed ring of teleportation (left hand)
 e - a ring of stealth (right hand)
 j - an amulet of harm (around neck)
Scrolls
 f - 5 scrolls of noise {unknown}
 g - 3 scrolls of remove curse {unknown}
 h - a scroll of random uselessness {unknown}
 k - a scroll of immolation {unknown}
 l - a scroll of teleportation {unknown}
Comestibles
 c - 4 rations


   Skills:
 + Level 3.8 Fighting
 + Level 2.6 Long Blades
 + Level 2.3 Armour
 + Level 1.5 Dodging
 + Level 0.3 Stealth
 + Level 2.4 Invocations


You had 2 spell levels left.
You didn't know any spells.
Your spell library was empty.

Dungeon Overview and Level Annotations

Branches:
Dungeon (2/15)

Altars:


Innate Abilities, Weirdness & Mutations

You cannot be hasted, slowed, berserked, paralysed or teleported.
You can dig through walls and to a lower floor.
Your four strong arms can wield two-handed weapons with a shield.
You have a pair of large antennae on your head. (SInv)


Message History

The adder bites you.
* * * LOW HITPOINT WARNING * * *
You barely miss the adder.
The adder is heavily wounded.
The adder barely misses you. The adder misses you.
You riposte.
You hit the adder.
You kill the adder!
Lugonu accepts your kill.
* * * LOW HITPOINT WARNING * * *
You feel sick.
You aren't carrying any potions.
Okay, then.
You aren't carrying any potions.
Okay, then.
You feel a slight, muted jump rush through you.
Oops, that ring feels deathly cold.
d - a cursed ring of teleportation (left hand)
e - a ring of stealth (right hand)
j - an amulet of harm (around neck)
You die...

.# .### ... ..#
### ..# #.# ..#
#####.####..#
#.####........@..#
................##
#.# ##.###.######
#.# #<# #.# #.#
#.# #.# ###.# #.#
#†# ....####.# #.#
.........###.#
.............#


There were no monsters in sight!

Vanquished Creatures
  An adder (D:2)
  3 dart slugs (D:1)
  3 bats (D:1)
  A giant cockroach (D:2)
  4 goblins
  2 hobgoblins (D:1)
  2 jackals (D:1)
  3 kobolds (D:1)
  5 rats (D:1)
24 creatures vanquished.

Notes
Turn   | Place    | Note
-------+----------+-------------------------------------------
     0 | Abyss:1  | Belius the Formicid Abyssal Knight began the quest for the
                  | Orb.
     0 | Abyss:1  | Reached XP level 1. HP: 18/18 MP: 2/2
   112 | Abyss:1  | Noticed a large abomination
   117 | D:1      | Escaped the Abyss
   159 | D:1      | Reached XP level 2. HP: 16/24 MP: 3/3
   303 | D:1      | Reached skill level 1 in Dodging
   574 | D:1      | Reached * piety under Lugonu
   685 | D:1      | Reached XP level 3. HP: 25/30 MP: 4/4
  1173 | D:2      | HP: 1/30 [poisoned by an adder]
  1178 | D:2      | Succumbed to an adder's poison

Levels and vault maps discovered:
D:1:      minmay_arrival_doors, layout_basic
D:2:      wad_lake_hut, layout_loops_ring, kennysheep_generic_room_2

Skill      XL: |  1  2 |
---------------+-------+-----
Dodging        | 1 |  1.5
Fighting       | |  3.8
Long Blades    | |  2.6
Armour         | |  2.3
Stealth        | |  0.3
Invocations    | |  2.4

Action                   || total
-------------------------++-------
Melee: Falchion          ||    70
Invok: Depart the Abyss  ||     1
  Use: Potion            ||     2
Armor: Leather armour    ||    10
Dodge: Dodged            ||    41
       Rpst.: Falchion   ||    10
